 Dungeon Crawl Stone Soup version 0.31-a0-16-g6d2539766c (webtiles) character file.

Game seed: 7552174544911602859

179 IdlyInterested the Chucker (level 5, -8/39 HPs)
             Began as a Demonspawn Wanderer on May 8, 2023.
             Mangled by strifetoe's ghost (11 damage)
             ... on level 3 of the Dungeon.
             The game lasted 00:14:09 (3076 turns).

IdlyInterested the Chucker (Demonspawn Wanderer)    Turns: 3076, Time: 00:14:09

Health: -8/39      AC:  5    Str:  9    XL:     5   Next: 32%
Magic:  9/9        EV: 16    Int: 17    God:
Gold:   137        SH:  0    Dex: 20    Spells: 9/10 levels left

rFire   + . .        o - staff of cold
rCold   + . .        (no shield)
rNeg    . . .        e - +0 robe
rPois   .            (no helmet)
rElec   .            (no cloak)
rCorr   +            (no gloves)
SInv    .            x - +2 pair of boots "Rasad" {rF+ rCorr Slay+2}
Will    .....        s - amulet of the acrobat
Stlth   ++           m - +5 ring of evasion
HPRegen 0.26/turn    n - +6 ring of dexterity
MPRegen 0.11/turn

%: acrobat
@: mighty, on berserk cooldown, slowed, invisible, very slow
A: powered by pain 2, demonic touch 1
a: no special abilities


You were on level 3 of the Dungeon.
You visited 1 branch of the dungeon, and saw 3 of its levels.

You collected 137 gold pieces.

Inventory:

Hand Weapons
 a - a +0 spear
 f - a +0 flail
 g - a +0 short sword
 i - a +0 club of chaos
 k - a +0 mace of protection
 u - a +0 vampiric spear
 y - a +1 dagger of chaos
 z - a +0 spear of chaos
Missiles
 b - 18 poisoned darts (quivered)
 j - 29 stones
Armour
 e - a +0 robe (worn)
 x - the +2 pair of boots "Rasad" (worn) {rF+ rCorr Slay+2}
   (You found it on level 3 of the Dungeon)

   Slay:      It affects your accuracy & damage with ranged weapons and melee
   (+2).
   rF:        It protects you from fire.
   rCorr:     It protects you from acid and corrosion.
 A - a +0 plate armour
Magical Staves
 h - a staff of death
 o - a staff of cold (weapon)
Jewellery
 m - a +5 ring of evasion (left hand)
 n - a +6 ring of dexterity (right hand)
 s - an amulet of the acrobat (around neck)
Scrolls
 c - 4 scrolls of teleportation
 d - 3 scrolls of vulnerability
 q - a scroll of immolation
 w - a scroll of enchant weapon {unknown}
Potions
 l - a potion of invisibility
 p - a potion of berserk rage
 t - a potion of might
 v - a potion of curing
 C - a potion of brilliance


   Skills:
 + Level 2.4 Fighting
 - Level 4.0 Throwing
 * Level 3.1 Spellcasting
 * Level 1.5 Ice Magic
 - Level 2.6 Earth Magic
 - Level 2.0 Evocations


You had 9 spell levels left.
You knew the following spells:

 Your Spells              Type           Power      Damage    Failure   Level
a - Sandblast             Erth           22%        2d7       6%          1

Your spell library contained the following spells:

 Spells                   Type           Power      Damage    Failure   Level
 Passwall                 Tmut/Erth      5%         N/A       16%         2
 Poisonous Vapours        Pois/Air       4%         N/A       26%         2
 Mephitic Cloud           Conj/Pois/Air  2%         N/A       45%         3
 Petrify                  Tmut/Erth      7%         N/A       69%         4
 Freezing Cloud           Conj/Ice/Air   3%         6-21      98%         5


Dungeon Overview and Level Annotations

Branches:
Dungeon (3/15)

Altars:
Cheibriados
Okawaru
Xom

Annotations:
D:3 strifetoe's ghost, amateur GrFi


Innate Abilities, Weirdness & Mutations

You sometimes gain power by taking damage.
Your touch may inflict minor irresistible damage on your foes.


Message History

You have reached level 5!
You hit the kobold. You freeze the kobold.
You kill the kobold!
You closely miss the kobold. The kobold hits you but does no damage.
You hit the kobold.
You kill the kobold!
You closely miss the kobold.
You touch the kobold.
You kill the kobold!
You barely miss the kobold. The kobold misses you.
You closely miss the kobold. The kobold barely misses you.
You hit the kobold! You freeze the kobold.
You kill the kobold!
You hit strifetoe's ghost but do no damage.
You touch strifetoe's ghost.
Strifetoe's ghost is lightly damaged.
You are no longer berserk.
You are exhausted.
You feel yourself slow down. Strifetoe's ghost hits you!
* * * LOW HITPOINT WARNING * * *
You focus on the pain.
You feel very mighty all of a sudden.
You feel better.
Strifetoe's ghost completely misses you.
You fade into invisibility!
Strifetoe's ghost barely misses you. Strifetoe's ghost closely misses you.
You hit strifetoe's ghost.
Strifetoe's ghost is moderately damaged.
Strifetoe's ghost closely misses you. Strifetoe's ghost barely misses you.
You hit strifetoe's ghost! Your touch misses strifetoe's ghost.
Strifetoe's ghost is heavily damaged.
Strifetoe's ghost hits you.
* * * LOW HITPOINT WARNING * * *
Strifetoe's ghost hits you but does no damage.
You hit strifetoe's ghost.
Strifetoe's ghost is heavily damaged.
Strifetoe's ghost barely misses you.
You closely miss strifetoe's ghost.
Strifetoe's ghost is heavily damaged.
Strifetoe's ghost closely misses you. Strifetoe's ghost hits you!
You die...

.............#.#.######
.....................>#
...####....#...#.####.#
##.#.....#.#####.# #.#
...#.......#...#.# #.#
.....#.........#.# #.###
#..#.#....##.###.# #...#
#.............##.# ###.#
#.##.#........##@# #.#
.....#........##W# #.#
.#####.###.....KK######.#
.....#.........###......#
.###...........#######..#
.###.......K..##K⌠.###..#
.##...........#K#.#.##..#
.##...........K..#...#..#
.##.......##..KW.....##.#


You could see strifetoe's ghost (unable to see you) and 2 kobolds.

Vanquished Creatures
  A kobold brigand (D:3)
  An adder (D:3)
  3 gnolls (D:3)
  A worm (D:2)
  4 dart slugs
  5 orcs (D:3)
  4 endoplasms (D:1)
  2 giant cockroaches (D:1)
  8 goblins
  2 hobgoblins
  5 quokkas
  3 bats
  10 kobolds
  4 rats
53 creatures vanquished.

Notes
Turn   | Place    | Note
-------+----------+-------------------------------------------
     0 | D:1      | IdlyInterested the Demonspawn Wanderer began the quest for
                  | the Orb.
     0 | D:1      | IdlyInterested set off with the following items: a +0
                  | dagger, 9 poisoned darts, a scroll of teleportation, a
                  | scroll of vulnerability, a +0 robe; and the following spell
                  | memorised: Sandblast; and the following spells available to
                  | memorise: Passwall, Petrify.
     0 | D:1      | Reached XP level 1. HP: 15/15 MP: 2/2
   231 | D:1      | Gained mutation: You sometimes gain a little power by
                  | taking damage. [demonic ancestry]
   231 | D:1      | Reached XP level 2. HP: 21/21 MP: 2/4
   689 | D:1      | Reached skill level 4 in Throwing
  1105 | D:1      | Gained mutation: Your touch may inflict minor irresistible
                  | damage on your foes. [demonic ancestry]
  1105 | D:1      | Reached XP level 3. HP: 24/26 MP: 1/5
  1511 | D:2      | You fall into a shaft and drop 1 floor!
  2404 | D:3      | Found a snail-covered altar of Cheibriados.
  2416 | D:3      | Identified the +2 pair of boots "Rasad" {rF+ rCorr Slay+2}
  2419 | D:3      | Found an iron altar of Okawaru.
  2536 | D:3      | Gained mutation: You sometimes gain power by taking damage.
                  | [demonic ancestry]
  2536 | D:3      | Reached XP level 4. HP: 33/33 MP: 2/7
  2669 | D:3      | Found a shimmering altar of Xom.
  2766 | D:3      | Found a runed translucent gate.
  2766 | D:3      | Found a runed translucent gate.
  2766 | D:3      | Found a runed translucent gate.
  2767 | D:3      | Noticed a kobold brigand
  2768 | D:3      | Noticed strifetoe's ghost (amateur GrFi)
  3060 | D:3      | Killed a kobold brigand
  3061 | D:3      | Reached skill level 1 in Ice Magic
  3061 | D:3      | Reached XP level 5. HP: 18/39 MP: 7/9
  3070 | D:3      | HP: 1/39 [strifetoe's ghost (13)]
  3076 | D:3      | Mangled by strifetoe's ghost

Illustrated notes

Levels and vault maps discovered:
D:1:      roderic_chinese_lattice_arrival, layout_basic, minmay_tetromino_l2
D:2:      layout_basic
D:3:      layout_basic, tgw_xom, grunt_temple_overflow_open,
          gammafunk_ghost_nasty_kobolds

Skill      XL: |  1  2  3  4 |
---------------+-------------+-----
Throwing       | 4 |  4.0
Spellcasting   | 2 3 |  3.1
Fighting       | 2 |  2.4
Evocations     | 2 |  2.0
Ice Magic      | 1 |  1.5
Earth Magic    | |  2.6

Action                     |  1- 3 |  4- 6 || total
---------------------------+-------+-------++-------
  Melee: Dagger            |     2 |       ||     2
         Staff             |    40 |    44 ||    84
         Punch             |     1 |       ||     1
         Touch             |     1 |    13 ||    14
  Throw: Dart              |     7 |       ||     7
   Cast: Sandblast         |    43 |     6 ||    49
    Use: Scroll            |     5 |     1 ||     6
         Potion            |       |     3 ||     3
   Stab: Sleeping          |     1 |     3 ||     4
 Armour: Robe              |    14 |     9 ||    23
  Dodge: Dodged            |    50 |    29 ||    79

Table legend: (Time is in decaauts)
 A = Elapsed time spent in this place.
 B = Non-inter-level travel time spent in this place.
 C = Inter-level travel time spent in this place.
 D = Time resting spent in this place.
 E = Time spent auto-exploring this place.
 F = Levels seen in this place.
 G = Mean time per level.
                   A        B        C        D        E       F      G
               +--------+--------+--------+--------+--------+-----+--------+
         Total |   3116 |   2922 |    194 |    373 |   1874 |   3 | 1038.7 |
       Dungeon |   3116 |   2922 |    194 |    373 |   1874 |   3 | 1038.7 |
               +--------+--------+--------+--------+--------+-----+--------+

Top non-repeatable levels by time:
     D:1: 1342 daAuts
     D:2: 989 daAuts
     D:3: 783 daAuts
